 Dungeon Sprint DCSS version 0.21-a0-71-g5e5ddd2 (webtiles) character file.

663 Kidiri the Ruffian (level 7, -4/76 HPs)
             Began as a Troll Hunter on June 19, 2017.
             Was an Initiate of Wu Jian.
             Killed from afar by a deep elf mage (17 damage)
             ... with a lance of force
             ... in the Dungeon (Sprint V: "Ziggurat Sprint").
             The game lasted 00:01:46 (136 turns).

Kidiri the Ruffian (Troll Hunter)                    Turns: 136, Time: 00:01:48

Health: -4/76      AC:  5    Str: 21    XL:     7   Next: 31%
Magic:  6/6        EV: 15    Int:  7    God:    Wu Jian [......]
Gold:   0          SH:  0    Dex: 24    Spells: 6/6 levels left

rFire    . . .     SeeInvis .     - Unarmed
rCold    . . .     Gourm    +   (no shield)
rNeg     . . .     Faith    .   b - +0 robe
rPois    .         Spirit   .   (helmet restricted)
rElec    .         Reflect  .   (no cloak)
rCorr    .         Harm     .   (gloves unavailable)
MR       .....     NoTele   +   (boots unavailable)
Stlth    +++.......             (no amulet)
HPRegen  0.62/turn              y - +6 ring of dexterity
MPRegen  0.10/turn              A - +6 ring of dexterity

@: no status effects
A: unfitting armour, claws 3, fast metabolism 3, gourmand, regeneration 1,
shaggy fur 1, tough skin 2
a: Renounce Religion


You were in the Dungeon.
You worshipped Wu Jian.
Wu Jian was noncommittal.
You were not hungry.

You visited 1 branch

Inventory:

Missiles
 c - 3 large rocks (quivered)
 d - 2 throwing nets
Armour
 b - a +0 robe (worn)
 J - +5 gold dragon scales
Jewellery
 y - a +6 ring of dexterity (left claw)
 A - a +6 ring of dexterity (right claw)
 B - a +6 ring of intelligence
 C - a +6 ring of intelligence
 D - a +6 ring of strength
 E - a +6 ring of strength
Wands
 F - a wand of disintegration (7/24)
 G - a wand of iceblast (5/15)
 H - a wand of lightning (5/15)
 I - a wand of acid (5/15)
Scrolls
 k - 4 scrolls of blinking
 q - 4 scrolls of amnesia
 r - 3 scrolls of recharging
 s - 7 scrolls of fog
 t - a scroll of holy word
 u - 5 scrolls of identify
 v - 5 scrolls of remove curse
 w - 2 scrolls of fear
Potions
 a - 2 potions of brilliance
 e - 10 potions of curing
 g - 10 potions of heal wounds
 h - 6 potions of haste
 i - 7 potions of magic
 j - 2 potions of berserk rage
 l - 2 potions of invisibility
 m - 4 potions of resistance
 o - 5 potions of agility
 p - 5 potions of might
Comestibles
 f - 6 bread rations
 x - 42 fruits
 z - 4 meat rations


   Skills:
 * Level 6.3 Fighting
 + Level 5.9 Throwing
 + Level 4.0 Armour
 * Level 6.3 Dodging
 * Level 4.5 Stealth
 * Level 7.1 Unarmed Combat


You had 6 spell levels left.
You didn't know any spells.

Dungeon Overview and Level Annotations

Branches:
Dungeon (1/1)

Altars:
Ashenzari
Cheibriados
Dithmenos
Elyvilon
Fedhas
Gozag
Hepliaklqana
Kikubaaqudgha
Makhleb
Nemelex Xobeh
Okawaru
Qazlal
Ru
Sif Muna
Trog
Uskayaw
Vehumet
Wu Jian
Xom
Yredelemnul
Zin
The Shining One
Beogh
Jiyva
Lugonu

Annotations:
D 1 transporter


Innate Abilities, Weirdness & Mutations

You are too large for most types of armour.
You have claws for hands.
Your metabolism is lightning-fast.
You like to eat raw meat.
Your natural rate of healing is unusually fast.
You are covered in fur. (AC +1)
You have very tough skin. (AC +2)


Message History

The fire elemental closely misses you.
Unknown command.
The deep elf mage barely misses you.
The battlesphere is engulfed in blazing flames.
Unknown command.
You claw the battlesphere!
You destroy the battlesphere!
The deep elf mage hits you but does no damage.
The water elemental hits you!
* * * LOW HITPOINT WARNING * * *
The water elemental engulfs you in water!
Unknown command.
With effort, you pull free of the water engulfing you.
You gasp with relief as air once again reaches your lungs.
The deep elf mage hits you but does no damage.
The water elemental hits you.
* * * LOW HITPOINT WARNING * * *
The deep elf mage gestures at you while chanting.
The lance of force hits you!
You die...

▓▓▓▓▓▓▓▓▓▓▓▓▓
▓.8©8.▓.8©8.▓
▓.)|(.▓.....▓
▓.....▓.).}.▓
▓...(.▓.....▓
▓...E.▓.....▓
▓..§e@▓.....▓
▓..§E.▓▓▓▓▓▓▓
▓▓▓▓▓▓▓


You could see a water elemental, a deep elf mage and a fire elemental.

Vanquished Creatures
  2 toenail golems (D)
2 creatures vanquished.

Vanquished Creatures (others)
  A spatial maelstrom (D)
1 creature vanquished.

Grand Total: 3 creatures vanquished

Notes
Turn   | Place    | Note
-------+----------+-------------------------------------------
     0 | D        | Kidiri the Troll Hunter began the quest for the Orb.
     0 | D        | Reached XP level 1. HP: 19/19 MP: 0/0
     2 | D        | Found a deep blue altar of Sif Muna.
     2 | D        | Found a bloodstained altar of Trog.
     2 | D        | Found a sacrificial altar of Ru.
     2 | D        | Found a stormy altar of Qazlal.
     2 | D        | Found an iron altar of Okawaru.
     3 | D        | Found a sparkling altar of Nemelex Xobeh.
     3 | D        | Found a blossoming altar of Fedhas.
     3 | D        | Banished a spatial maelstrom
     5 | D        | Found a transporter.
     5 | D        | Found an ancient bone altar of Kikubaaqudgha.
     5 | D        | Found a viscous altar of Jiyva.
     5 | D        | Found a corrupted altar of Lugonu.
     5 | D        | Found a hazy altar of Hepliaklqana.
     5 | D        | Found a burning altar of Makhleb.
     5 | D        | Found an opulent altar of Gozag.
    54 | D        | Became a worshipper of the Wu Jian Council
    64 | D        | Reached skill level 1 in Armour
    64 | D        | Reached skill level 2 in Unarmed Combat
    64 | D        | Reached XP level 2. HP: 31/31 MP: 1/1
    79 | D        | Entered arena 2.
    79 | D        | Noticed a toenail golem
    79 | D        | Noticed a toenail golem
    79 | D        | Found a transporter.
    85 | D        | Killed a toenail golem
    85 | D        | Reached skill level 5 in Fighting
    85 | D        | Reached skill level 5 in Throwing
    85 | D        | Reached skill level 5 in Dodging
    85 | D        | Reached skill level 6 in Unarmed Combat
    85 | D        | Reached XP level 3. HP: 42/42 MP: 2/2
    85 | D        | Reached XP level 4. HP: 50/50 MP: 3/3
    85 | D        | Reached XP level 5. HP: 57/57 MP: 4/4
    85 | D        | Reached XP level 6. HP: 66/66 MP: 5/5
    88 | D        | Killed a toenail golem
    88 | D        | Reached skill level 7 in Unarmed Combat
    88 | D        | Reached XP level 7. HP: 76/76 MP: 6/6
   125 | D        | Entered arena 3.
   125 | D        | Noticed a water elemental
   125 | D        | Noticed a fire elemental
   125 | D        | Noticed a deep elf mage
   125 | D        | Found a transporter.
   136 | D        | Killed from afar by a deep elf mage

Vault maps used:
D:        sprint_v

Skill      XL: |  1  2  3  4  5  6 |
---------------+-------------------+-----
Fighting       | 3 5 6 |  6.3
Throwing       | 4 5 |  5.9
Armour         | 1 3 4 |  4.0
Dodging        | 3 5 6 |  6.3
Stealth        | 2 3 4 |  4.5
Unarmed Combat | 2 6 7 |  7.1

Action                   |  1- 3 |  4- 6 |  7- 9 || total
-------------------------+-------+-------+-------++-------
Melee: Unarmed           |     5 |     3 |     4 ||    12
Throw: Large rock        |       |       |     2 ||     2
  Use: Potion            |     2 |       |       ||     2
Armor: Robe              |     1 |     1 |     3 ||     5
Dodge: Dodged            |     2 |     1 |    12 ||    15
